 Dungeon Crawl Stone Soup version 0.26-a0-61-g6c07f0ee8d (webtiles) character file.

Game seed: 18299296895122137128

415 Kono the Sneak (level 6, -10/51 HPs)
             Began as a Gnoll Wanderer on June 9, 2020.
             Mangled by an orc warrior
             ... wielding a +0 flail
              (12 damage)
             ... on level 4 of the Dungeon on Oct 14, 2020.
             The game lasted 00:25:10 (4071 turns).

Kono the Sneak (Gnoll Wanderer)                     Turns: 4071, Time: 00:25:20

Health: -10/51     AC:  9    Str: 14    XL:     6   Next: 91%
Magic:  9/9        EV:  8    Int: 17    God:
Gold:   151        SH:  0    Dex: 14    Spells: 9/9 levels left

rFire    . . .     SeeInvis .   a - +0 halberd
rCold    . . .     Gourm    .   (shield currently unavailable)
rNeg     . . .     Faith    .   z - +0 chain mail
rPois    .         Spirit   .   (no helmet)
rElec    .         Reflect  .   t - +0 cloak
rCorr    .         Harm     .   (no gloves)
MR       .....                  (no boots)
Stlth    +.........             (no amulet)
HPRegen  0.17/turn              u - ring of stealth
MPRegen  0.11/turn              (no ring)

@: brilliant
A: distributed training, fangs 1, strong nose
a: no special abilities


You were on level 4 of the Dungeon.
You were hungry.

You visited 1 branch of the dungeon, and saw 4 of its levels.

You collected 151 gold pieces.

Inventory:

Hand Weapons
 a - a +0 halberd (weapon)
 b - a +0 hunting sling
 c - a +0 quarterstaff
 d - a +0 trident of venom
Missiles
 h - 38 stones (quivered)
 m - 14 sling bullets
 q - 16 arrows
Armour
 l - a +0 ring mail
 t - a +0 cloak (worn)
 z - a +0 chain mail (worn)
Jewellery
 u - a ring of stealth (left hand)
Wands
 i - a wand of disintegration (16)
 x - a wand of flame (18)
Scrolls
 e - 2 scrolls of enchant armour {unknown}
 g - 5 scrolls of identify {unknown}
 j - 2 scrolls of fear
 n - 4 scrolls of remove curse {unknown}
 o - 2 scrolls of teleportation {unknown}
 w - a scroll of fog {unknown}
Potions
 r - a potion of stabbing {unknown}
 s - a potion of haste {unknown}
 v - 3 potions of mutation {unknown}
 A - a potion of lignification {unknown}
Comestibles
 f - 5 rations
 k - 4 chunks of flesh


   Skills:
 + Level 5.0 Fighting
 + Level 3.3 Short Blades
 + Level 3.3 Long Blades
 + Level 2.1 Axes
 + Level 2.1 Maces & Flails
 + Level 2.1 Polearms
 + Level 2.1 Staves
 + Level 2.1 Slings
 + Level 2.1 Bows
 + Level 2.1 Crossbows
 + Level 3.3 Throwing
 + Level 2.1 Armour
 + Level 5.0 Dodging
 + Level 6.3 Stealth
 + Level 2.1 Shields
 + Level 2.1 Unarmed Combat
 + Level 2.1 Spellcasting
 + Level 1.7 Conjurations
 + Level 1.7 Hexes
 + Level 1.7 Charms
 + Level 1.7 Summonings
 + Level 1.7 Necromancy
 + Level 1.7 Translocations
 + Level 1.7 Transmutations
 + Level 1.7 Fire Magic
 + Level 1.7 Ice Magic
 + Level 1.7 Air Magic
 + Level 1.7 Earth Magic
 + Level 1.7 Poison Magic
 + Level 2.3 Invocations
 + Level 2.1 Evocations


You had 9 spell levels left.
You didn't know any spells.
Your spell library was empty.

Dungeon Overview and Level Annotations

Branches:
Dungeon (4/15)
 Temple: D:4-7

Altars:
Cheibriados
Makhleb
Nemelex Xobeh


Innate Abilities, Weirdness & Mutations

Your experience applies equally to all skills.
You have very sharp teeth.
Your uncanny sense of smell can sniff out nearby items.


Message History

The orc warrior hits you with a +0 flail.
* * * LOW HITPOINT WARNING * * *
You closely miss the orc warrior.
The orc warrior is severely wounded.
The orc warrior hits you but does no damage.
You barely miss the orc warrior.
You bite the orc warrior, but do no damage.
The orc warrior is severely wounded.
The orc wizard gestures wildly while chanting.
The orc wizard seems to speed up.
The orc warrior hits you with a +0 flail!
* * * LOW HITPOINT WARNING * * *
It was a potion of brilliance.
You feel clever all of a sudden.
The orc wizard mumbles some strange words.
The orc wizard blinks!
The orc warrior hits you with a +0 flail!
Bones file is buggy: /crawl-master/crawl-git/saves/bones/bones.store.D-4 Clearing bad bones file: /crawl-master/crawl-git/saves/bones/bones.store.D-4 You die...

.$o.........?.......
.........^.......)..
####....##.#÷....####
........'..#..#..#.. ∆
.##.#.o.####÷.#.....
.................#.#
###.####......#.#...
##.####o..#####.###...#..#
..........@o§..............
######.#.#######.###.#r...
##########.#................##
...#....#.#############...##
####.#.#.##...# ..#
#......#......# .#
#.##.########## .#
#........... #....###.##


You could see an orc warrior and an orc wizard (fast).

Vanquished Creatures
  3 hounds
  Jessica (D:3)
  Terence (D:2)
  A hound skeleton (D:4)
  Robin (D:3)
  7 gnolls
  9 adders
  A worm (D:2)
  2 dart slugs
  3 leopard geckos
  7 orcs
  2 ball pythons
  2 giant cockroaches
  14 goblins
  12 hobgoblins
  2 jackals (D:2)
  8 kobolds
  3 quokkas
  9 bats
  2 frilled lizards
  A giant cockroach zombie (D:2)
  5 rats
96 creatures vanquished.

Notes
Turn   | Place    | Note
-------+----------+-------------------------------------------
     0 | D:1      | Kono the Gnoll Wanderer began the quest for the Orb.
     0 | D:1      | Kono set off with the following items: a +2 dagger, a
                  | scroll of fear, a +0 quarterstaff, a potion of curing, a +0
                  | robe, a ration
     0 | D:1      | Reached XP level 1. HP: 20/20 MP: 1/1
   285 | D:1      | Reached XP level 2. HP: 18/26 MP: 2/2
   625 | D:1      | Reached XP level 3. HP: 27/31 MP: 3/3
  1136 | D:2      | Reached skill level 6 in Stealth
  1156 | D:2      | Reached skill level 1 in Invocations
  1170 | D:2      | Reached skill level 1 in Axes
  1170 | D:2      | Reached skill level 1 in Maces & Flails
  1170 | D:2      | Reached skill level 1 in Polearms
  1170 | D:2      | Reached skill level 1 in Staves
  1170 | D:2      | Reached skill level 1 in Slings
  1170 | D:2      | Reached skill level 1 in Bows
  1170 | D:2      | Reached skill level 1 in Crossbows
  1170 | D:2      | Reached skill level 1 in Armour
  1170 | D:2      | Reached skill level 1 in Shields
  1170 | D:2      | Reached skill level 1 in Unarmed Combat
  1170 | D:2      | Reached skill level 1 in Spellcasting
  1170 | D:2      | Reached skill level 1 in Evocations
  1210 | D:2      | Found a sparkling altar of Nemelex Xobeh.
  1216 | D:2      | Reached XP level 4. HP: 33/38 MP: 5/5
  1414 | D:2      | Found a snail-covered altar of Cheibriados.
  1613 | D:2      | Noticed Terence
  1623 | D:2      | Killed Terence
  1623 | D:2      | Reached skill level 1 in Conjurations
  1623 | D:2      | Reached skill level 1 in Hexes
  1623 | D:2      | Reached skill level 1 in Charms
  1623 | D:2      | Reached skill level 1 in Summonings
  1623 | D:2      | Reached skill level 1 in Necromancy
  1623 | D:2      | Reached skill level 1 in Translocations
  1623 | D:2      | Reached skill level 1 in Transmutations
  1623 | D:2      | Reached skill level 1 in Fire Magic
  1623 | D:2      | Reached skill level 1 in Ice Magic
  1623 | D:2      | Reached skill level 1 in Air Magic
  1623 | D:2      | Reached skill level 1 in Earth Magic
  1623 | D:2      | Reached skill level 1 in Poison Magic
  2107 | D:2      | Reached XP level 5. HP: 43/43 MP: 6/6
  2619 | D:3      | Noticed Robin
  2637 | D:3      | Killed Robin
  2924 | D:3      | Reached XP level 6. HP: 45/50 MP: 8/8
  3084 | D:3      | Noticed Jessica
  3095 | D:3      | Killed Jessica
  3330 | D:3      | Reached skill level 5 in Fighting
  3330 | D:3      | Reached skill level 5 in Dodging
  3760 | D:3      | Found a burning altar of Makhleb.
  4046 | D:4      | Noticed an orc warrior
  4070 | D:4      | HP: 2/51 [orc warrior/+0 flail (9)]
  4071 | D:4      | Mangled by an orc warrior

Illustrated notes

Levels and vault maps discovered:
D:1:      nagdon_arrival_zigzag_paths, layout_basic, minmay_heptomino_w4
D:2:      layout_loops_cross, lemuel_crystal_altar, lemuel_crystal_altar,
          uniq_terence
D:3:      layout_loops_corners, makhleb_blood_cavern_becter, first_ration,
          uniq_robin, uniq_jessica
D:4:      layout_basic, minmay_temple_entry_glassed_door, serial_shops, shop,
          minmay_a_box_with_orc_wizards_in_it, uniq_blork_the_orc,
          uniq_crazy_yiuf_cottage

Skill      XL: |  1  2  3  4  5  6 |
---------------+-------------------+-----
Stealth        | 6 |  6.3
Invocations    | 1 2 |  2.3
Axes           | 1 2 |  2.1
Maces & Flails | 1 2 |  2.1
Polearms       | 1 2 |  2.1
Staves         | 1 2 |  2.1
Slings         | 1 2 |  2.1
Bows           | 1 2 |  2.1
Crossbows      | 1 2 |  2.1
Armour         | 1 2 |  2.1
Shields        | 1 2 |  2.1
Unarmed Combat | 1 2 |  2.1
Spellcasting   | 1 2 |  2.1
Evocations     | 1 2 |  2.1
Conjurations   | 1 |  1.7
Hexes          | 1 |  1.7
Charms         | 1 |  1.7
Summonings     | 1 |  1.7
Necromancy     | 1 |  1.7
Translocations | 1 |  1.7
Transmutations | 1 |  1.7
Fire Magic     | 1 |  1.7
Ice Magic      | 1 |  1.7
Air Magic      | 1 |  1.7
Earth Magic    | 1 |  1.7
Poison Magic   | 1 |  1.7
Short Blades   | 3 |  3.3
Long Blades    | 3 |  3.3
Throwing       | 3 |  3.3
Fighting       | 5 |  5.0
Dodging        | 5 |  5.0

Action                   |  1- 3 |  4- 6 || total
-------------------------+-------+-------++-------
Melee: Dagger            |    95 |    16 ||   111
       Bite              |     8 |    25 ||    33
       Punch             |     1 |       ||     1
       Quarterstaff      |       |   188 ||   188
       Halberd           |       |    82 ||    82
 Fire: Hunting sling     |       |     6 ||     6
Throw: Stone             |       |    10 ||    10
  Use: Potion            |       |     2 ||     2
 Stab: Sleeping          |     6 |     1 ||     7
       Distracted        |       |     1 ||     1
  Eat: Chunk             |     1 |     9 ||    10
Armor: Robe              |    13 |     1 ||    14
       Chain mail        |       |   148 ||   148
       Leather armour    |       |     3 ||     3
Dodge: Dodged            |    74 |   152 ||   226

Table legend:
 A = Non-vault XP
 B = Vault XP
 C = Vault XP percentage of total XP
 D = Non-vault monster count
 E = Vault monster count
 F = Vault count percentage of total count
                 A         B        C        D         E       F
            +---------+---------+-------+---------+---------+-------
      Total |     443 |     150 |  25.3 |      79 |      17 |  17.7
            +---------+---------+-------+---------+---------+-------
        D:1 |      33 |      10 |  23.3 |      18 |       6 |  25.0
        D:2 |     128 |      32 |  20.0 |      27 |       1 |   3.6
        D:3 |     176 |     108 |  38.0 |      30 |      10 |  25.0
        D:4 |     106 |       0 |   0.0 |       4 |       0 |   0.0
            +---------+---------+-------+---------+---------+-------
